AoeStats
← noob

African Clearing

504278485Analyzed
4v4 RM · 28d ago on Sep 4, 2026· 35m 11s· 8 players
Game mode
Random Map
Map size
Large (8 player)
Population
200
Speed
Normal
Resources
Standard
Victory
Conquest
Starting age
Dark Age
Ending age
Imperial Age
RankedLock teamsTeams togetherTeam positionsShared explorationLock speedFull tech treeHidden civsTurbo modeCheats
Victory
Defeat
🇩🇪 Mongols · Germany
1404
+14
🇲🇽 Spanish · Mexico
1402
+15
🇹🇷 Chinese · Türkiye
1367
+16
🇭🇰 Poles · Hong Kong SAR China
1345
+18
🇨🇳 Khitans · China
1402
-17
🇨🇳 Wei · China
1378
-16
🇨🇳 Spanish · China
1371
-16
🇨🇳 Huns · China
1332
-14
江哥
7:29 Loom
12:52 Feudal Age
13:18 Man-at-Arms
26:39 Castle Age
25:05 Forging
29:13 Fletching
32:24 Elite Skirmisher
33:31 Padded Archer Armor
世一上、
4:59 Loom
12:20 Feudal Age
13:32 Double-Bit Axe
16:29 Scale Barding Armor
19:29 Forging
27:18 Castle Age
27:44 Wheelbarrow
26:57 Horse Collar
27:48 Fletching
32:02 Husbandry
32:14 Bloodlines
32:01 Bodkin Arrow
32:06 Padded Archer Armor
32:45 Bow Saw
34:59 Leather Archer Armor
2468899547
8:19 Loom
14:11 Feudal Age
18:33 Castle Age
16:45 Double-Bit Axe
17:14 Stone Mining
19:30 Bow Saw
20:04 Horse Collar
32:25 Heavy Plow
Mick...
6:12 Loom
14:36 Feudal Age
18:12 Castle Age
16:33 Double-Bit Axe
17:05 Scale Barding Armor
23:16 Forging
30:05 Horse Collar
35:02 Wheelbarrow
35:17 Heavy Plow
The_ Rock
9:58 Loom
12:48 Feudal Age
18:04 Castle Age
19:05 Double-Bit Axe
31:29 Horse Collar
35:19 Padded Archer Armor
SEFA
3:19 Loom
13:33 Feudal Age
14:37 Double-Bit Axe
17:32 Castle Age
17:02 Fishing Lines
19:39 Gillnets
24:05 Town Watch
26:51 Bow Saw
27:22 Wheelbarrow
28:37 Horse Collar
33:20 Imperial Age
31:40 Fletching
31:51 Padded Archer Armor
32:39 Ballistics
32:41 Bodkin Arrow
33:33 Leather Archer Armor
33:47 Thumb Ring
33:23 Elite Chu Ko Nu
34:25 Bracer
35:33 Chemistry
35:58 Ring Archer Armor
noob
4:28 Loom
12:07 Feudal Age
16:15 Castle Age
18:40 Double-Bit Axe
20:16 Fletching
24:08 Padded Archer Armor
28:31 Husbandry
33:27 Wheelbarrow
32:38 Town Watch
33:28 Bodkin Arrow
35:35 Ballistics
dnlmh
12:54 Feudal Age
11:10 Loom
16:41 Castle Age
15:53 Double-Bit Axe
16:42 Horse Collar
17:50 Heavy Plow
23:21 Wheelbarrow
23:48 Town Watch
24:23 Scale Mail Armor
24:28 Pikeman
32:28 Squires
32:44 Chain Mail Armor
33:08 Forging
33:59 Bow Saw
35:37 Iron Casting
Connection lost

Rejoining the realm…

Still unreachable

The connection could not be restored.

Session expired

The server has moved on; the page needs a fresh start.